 Dungeon Crawl Stone Soup version 0.21.1-1-g345015f (webtiles) character file.

2160 shakethe the Cleaver (level 9, -7/106 HPs)
             Began as a Demonspawn Gladiator on Feb 27, 2018.
             Was an Initiate of Okawaru.
             Killed by divine providence
             ... invoked by an orc priest
              (9 damage)
             ... on level 7 of the Dungeon.
             The game lasted 00:07:23 (5923 turns).

shakethe the Cleaver (Demonspawn Gladiator)         Turns: 5923, Time: 00:07:24

Health: -7/106     AC: 24    Str: 16    XL:     9   Next: 10%
Magic:  0/9        EV:  2    Int: 12    God:    Okawaru [......]
Gold:   386        SH:  0    Dex: 14    Spells: 8/8 levels left

rFire    + . .     SeeInvis .   a - +0 war axe
rCold    . . .     Gourm    .   (no shield)
rNeg     + + +     Faith    .   (armour currently unavailable)
rPois    +         Spirit   +   (helmet currently unavailable)
rElec    .         Reflect  .   (cloak currently unavailable)
rCorr    .         Harm     .   (gloves currently unavailable)
MR       .....     NoTele   +   (boots currently unavailable)
Stlth    +.........             u - amulet of guardian spirit {Spirit}
HPRegen  0.27/turn              p - ring of flight {+Fly, !d}
MPRegen  0.11/turn              k - ring of protection from fire {rF+, !d}

@: tree-form
A: rot immunity
a: Renounce Religion


You were on level 7 of the Dungeon.
You worshipped Okawaru.
Okawaru was noncommittal.
You were hungry.
You were a tree.
You visited 2 branches of the dungeon, and saw 8 of its levels.
You also visited: Sewer.

You collected 386 gold pieces.

Inventory:

Hand Weapons
 a - a +0 war axe (weapon)
 E - a +0 battleaxe
   (You took it off an orc warrior on level 6 of the Dungeon)
Missiles
 d - 3 throwing nets {=f, !d}
Armour
 b - a +0 leather armour (melded)
 c - a +0 helmet
 m - a +1 cloak (melded)
   (You found it on level 1 of the Dungeon)
Jewellery
 i - an uncursed ring of wizardry {Wiz+, !d}
   (You found it on level 1 of the Dungeon)
 k - a ring of protection from fire (right branch) {rF+, !d}
   (You found it on level 1 of the Dungeon)
 p - a ring of flight (left branch) {+Fly, !d}
   (You found it on level 2 of the Dungeon)
 s - an uncursed ring of wizardry {Wiz+, !d}
   (You took it off a kobold on level 3 of the Dungeon)
 u - an amulet of guardian spirit (around neck) {Spirit}
   (You found it on level 2 of the Dungeon)
 D - a cursed -3 ring of dexterity {unknown}
   (You found it on level 5 of the Dungeon)
 F - an uncursed amulet of the gourmand {unknown}
   (You found it on level 6 of the Dungeon)
 G - an uncursed ring of wizardry {Wiz+, !d}
   (You found it on level 7 of the Dungeon)
Wands
 q - a wand of disintegration (13)
   (You found it on level 4 of the Dungeon)
 B - a wand of iceblast (7)
   (You found it on level 5 of the Dungeon)
Scrolls
 g - 2 scrolls of magic mapping {!r}
 j - a scroll of identify
 l - a scroll of enchant armour
 n - 7 scrolls of amnesia
 o - a scroll of remove curse
 t - 2 scrolls of teleportation
 x - a scroll of immolation {unknown}
 A - a scroll of fog {unknown}
Potions
 h - a potion of lignification {!q}
 r - a potion of ambrosia
 v - 2 potions of might {unknown}
 w - a potion of mutation {!q}
 z - 2 potions of brilliance
Books
 y - a book of Minor Magic
   (You found it on level 5 of the Dungeon)
 C - a book of Alchemy
   (You found it on level 5 of the Dungeon)
Comestibles
 f - 10 rations


   Skills:
 + Level 6.5 Fighting
 * Level 8.6 Axes
 - Level 1.7 Throwing
 + Level 5.4 Dodging


You had 8 spell levels left.
You didn't know any spells.

Dungeon Overview and Level Annotations

Branches:
Dungeon (7/15)             Temple (1/1) D:6

Altars:
Cheibriados
Dithmenos
Elyvilon
Fedhas
Gozag
Hepliaklqana
Kikubaaqudgha
Okawaru
Ru
Sif Muna
Trog
Uskayaw
Wu Jian
Xom
Yredelemnul
Zin
The Shining One

Shops:
D:4 *

Annotations:
D:4 2 transporters


Innate Abilities, Weirdness & Mutations

((You have a pair of horns on your head.))
You are immune to rotting.
((Your movements are less encumbered by armour. (ER -4)))


Message History

An orc comes into view. It is wielding a dagger.
An orc comes into view.
The orc priest mumbles some strange prayers to Beogh against you.
Beogh smites you!
The orc wizard gestures wildly while chanting.
The orc wizard seems to speed up.
You hear a shout! x2
You take 9 damage, and have 62/71 hp.
You now have 8/9 mp.
You slash the orc wizard!
You hear a shout!
The orc wizard closely misses you.
An orc warrior comes into view. It is wielding a battleaxe of flaming.
You slash the orc wizard! The orc wizard hits you with a dagger.
The orc wizard barely misses you.
You take 1 damage, and have 61/71 hp.
You barely miss the orc wizard. Your headbutt misses the orc wizard.
The orc wizard hits you with a dagger.
You now have 7/9 mp.
You hit the orc wizard.
You kill the orc wizard!
Okawaru accepts your kill.
An orc comes into view. It is wielding a hand axe of venom.
You slash the orc!
You kill the orc!
Okawaru accepts your kill.
The orc priest looks braver for a moment.
You slash the orc warrior!
The orc warrior hits you with a battleaxe of flaming!!
An orc comes into view.
You are too injured to fight recklessly!
You are too injured to fight recklessly!
You are too injured to fight recklessly!
You are too injured to fight recklessly!
You are too injured to fight recklessly!
You take 24 damage, and have 37/71 hp.
MASSIVE DAMAGE!!
You now have 4/9 mp.
You are too injured to fight recklessly!
You are too injured to fight recklessly!
You are too injured to fight recklessly!
You are too injured to fight recklessly!
You are too injured to fight recklessly!
You are too injured to fight recklessly!
You are too injured to fight recklessly!
You are too injured to fight recklessly!
You are too injured to fight recklessly!
You are too injured to fight recklessly!
You are too injured to fight recklessly!
You hit the orc warrior but do no damage.
Your headbutt misses the orc warrior. The orc warrior barely misses you.
The orc priest looks encouraged for a moment.
You hit the orc warrior but do no damage.
The orc warrior hits you with a battleaxe of flaming.
The orc warrior burns you.
The orc priest begins to cast a cantrip, but forgets the words!
You take 4 damage, and have 33/71 hp.
You now have 3/9 mp.
You hit the orc warrior but do no damage.
The orc warrior hits you with a battleaxe of flaming!!
* * * LOW HITPOINT WARNING * * *
The orc warrior burns you.
* * * LOW HITPOINT WARNING * * *
You take 18 damage, and have 15/71 hp.
MASSIVE DAMAGE!!
You now have 2/9 mp.
Really quaff
h - 2 potions of lignification {!q}?
You turn into a tree.
Your +1 cloak melds into your body.
Your +0 leather armour melds into your body.
Your roots penetrate the ground.
The orc warrior hits you with a battleaxe of flaming!
* * * LOW HITPOINT WARNING * * *
The orc warrior burns you.
* * * LOW HITPOINT WARNING * * *
You now have 11/106 hp.
You feel better.
The orc priest begins to cast a cantrip, but forgets the words!
You regained 5 hp, and now have 16/106 hp.
You feel better.
The orc warrior hits you but does no damage.
You regained 8 hp, and now have 24/106 hp.
You slash the orc warrior!
The orc priest calls upon Beogh to heal the orc warrior.
The orc warrior is healed somewhat.
The orc warrior hits you with a battleaxe of flaming!
* * * LOW HITPOINT WARNING * * *
The orc warrior burns you.
* * * LOW HITPOINT WARNING * * *
You take 11 damage, and have 13/106 hp.
You now have 0/9 mp.
You hit the orc warrior.
The orc warrior hits you but does no damage.
You barely miss the orc warrior.
The orc warrior hits you with a battleaxe of flaming!
* * * LOW HITPOINT WARNING * * *
The orc warrior burns you.
* * * LOW HITPOINT WARNING * * *
You take 11 damage, and have 2/106 hp.
You hit the orc warrior.
You hit the orc warrior but do no damage.
The orc priest calls down the wrath of Beogh upon you.
Beogh smites you!
You die...

##...###.##...
#####+####.####.
#....[..##.####.
#.###.#.##...... #
#.###.#.#######. ##.
#.##....### #. ##.(.
#.#.......# #.
#$...o###.##....#.# #.
#...ooo♣......#.#.#####.
#....o###.......#.......
##... #####.##########
### #.# #(


You could see an orc warrior, an orc priest and 3 orcs.

Vanquished Creatures
  Sigmund (D:2)
  Eustachio (D:5)
  Duvessa (D:6)
  An orc warrior (D:6)
  An ice beast (D:6)
  A necrophage (D:6)
  2 phantoms (D:5)
  A centaur (D:5)
  A crocodile (Sewer)
  Blork the orc (D:5)
  Dowan (D:6)
  2 scorpions
  2 howler monkeys
  A crimson imp (D:6)
  A bullfrog zombie (D:6)
  A jelly (D:5)
  3 hounds (D:6)
  2 centaur skeletons (D:5)
  An orc priest (D:6)
  4 orc wizards
  A bullfrog skeleton (D:4)
  Jessica (D:2)
  Terence (D:3)
  An iguana (D:6)
  7 worker ants
  A hound skeleton (D:5)
  10 adders
  A shadow imp (D:5)
  An adder skeleton (D:7)
  3 worms
  3 dart slugs
  5 leopard geckos
  7 orcs
  A ball python (D:2)
  14 bats
  4 giant cockroaches
  7 goblins
  10 hobgoblins
  2 jackals (D:4)
  8 kobolds
  A quokka (D:5)
  5 frilled lizards
  2 giant cockroach zombies (D:5)
  A leopard gecko skeleton (D:6)
  8 rats
134 creatures vanquished.

Notes
Turn   | Place    | Note
-------+----------+-------------------------------------------
     0 | D:1      | shakethe the Demonspawn Gladiator began the quest for the Orb.
     0 | D:1      | Reached XP level 1. HP: 16/16 MP: 1/1
   124 | D:1      | Reached skill level 3 in Axes
   134 | D:1      | Gained mutation: Your movements are slightly less encumbered by armour. (ER -2) [demonic ancestry]
   134 | D:1      | Reached XP level 2. HP: 20/22 MP: 2/2
   192 | D:1      | Found a glowing golden altar of the Shining One.
   852 | D:2      | Gained mutation: You have a pair of small horns on your head. [demonic ancestry]
   852 | D:2      | Reached XP level 3. HP: 19/28 MP: 3/3
  1035 | D:2      | Found a basalt altar of Yredelemnul.
  1076 | D:2      | Found a glowing silver altar of Zin.
  1123 | D:2      | Noticed Jessica
  1128 | D:2      | Killed Jessica
  1128 | D:2      | Reached skill level 3 in Fighting
  1128 | D:2      | Reached skill level 4 in Axes
  1128 | D:2      | Gained mutation: You have a pair of horns on your head. [demonic ancestry]
  1128 | D:2      | Reached XP level 4. HP: 30/35 MP: 4/4
  1351 | D:2      | Noticed Sigmund
  1368 | D:2      | Killed Sigmund
  1368 | D:2      | Reached skill level 5 in Axes
  1368 | D:2      | Reached XP level 5. HP: 41/42 MP: 0/5
  1368 | D:2      | Gained mutation: Your movements are less encumbered by armour. (ER -4) [demonic ancestry]
  1368 | D:2      | Reached XP level 6. HP: 47/48 MP: 0/6
  1730 | D:2      | Reached skill level 4 in Fighting
  2067 | D:3      | Noticed Terence
  2072 | D:3      | Killed Terence
  2430 | D:4      | Found a transporter.
  2445 | D:4      | Found a snail-covered altar of Cheibriados.
  2491 | D:4      | Found Dtseirgh's Desiderata Depot.
  2643 | D:4      | Reached skill level 3 in Dodging
  2650 | D:4      | Found a glowing drain.
  2654 | Sewer    | Entered a sewer
  2787 | D:4      | Reached skill level 6 in Axes
  2807 | D:4      | Reached XP level 7. HP: 55/55 MP: 7/7
  2853 | D:4      | Found a white marble altar of Elyvilon.
  3132 | D:4      | Found a transporter.
  3561 | D:5      | Entered Level 5 of the Dungeon
  3647 | D:5      | Noticed Eustachio
  3714 | D:5      | Killed Eustachio
  3748 | D:5      | HP: 13/55 [poisoned by a worker ant]
  3754 | D:5      | HP: 11/55 [poisoned by a worker ant]
  3760 | D:5      | HP: 11/55 [poisoned by a worker ant]
  3768 | D:5      | HP: 10/55 [poisoned by a worker ant]
  4132 | D:5      | Reached skill level 5 in Fighting
  4253 | D:5      | Reached skill level 4 in Dodging
  4359 | D:5      | Noticed Blork the orc
  4365 | D:5      | Killed Blork the orc
  4365 | D:5      | Reached skill level 7 in Axes
  4365 | D:5      | Reached XP level 8. HP: 55/62 MP: 8/8
  4871 | D:6      | Found a staircase to the Ecumenical Temple.
  5104 | Temple   | Entered the Ecumenical Temple
  5260 | D:6      | Reached skill level 6 in Fighting
  5267 | D:6      | Found an ornate altar of the Wu Jian Council.
  5278 | D:6      | Reached skill level 8 in Axes
  5291 | D:6      | Reached skill level 5 in Dodging
  5329 | D:6      | Noticed Dowan
  5331 | D:6      | Noticed Duvessa
  5350 | D:6      | Killed Duvessa
  5367 | D:6      | Killed Dowan
  5590 | D:6      | Found an iron altar of Okawaru.
  5599 | D:6      | Became a worshipper of Warmaster Okawaru
  5610 | D:6      | Gained mutation: You are immune to rotting. [demonic ancestry]
  5610 | D:6      | Reached XP level 9. HP: 69/71 MP: 9/9
  5915 | D:7      | HP: 16/71 [orc warrior/battleaxe of flaming (17)]
  5921 | D:7      | HP: 4/106 [orc warrior/battleaxe of flaming (10)]
  5923 | D:7      | Killed from afar by an orc priest

Skill      XL: |  1  2  3  4  5  6  7  8 |
---------------+-------------------------+-----
Axes           | 3 4 5 6 7 8 |  8.6
Fighting       | 3 4 5 6 |  6.5
Dodging        | 3 4 5 |  5.4
Throwing       | |  1.7

Action                   |  1- 3 |  4- 6 |  7- 9 || total
-------------------------+-------+-------+-------++-------
Melee: War axe           |   104 |   119 |   231 ||   454
       Headbutt          |     7 |    19 |    45 ||    71
  Use: Potion            |       |     3 |     4 ||     7
       Scroll            |       |    10 |       ||    10
 Stab: Sleeping          |     1 |       |       ||     1
  Eat: Chunk             |     1 |     3 |     5 ||     9
       Ration            |       |     1 |     1 ||     2
Armor: Leather armour    |    51 |    26 |    82 ||   159
       Skin              |       |       |     2 ||     2
Dodge: Dodged            |   101 |   117 |   178 ||   396

Vault maps used:
D:1:      dpeg_arrival_morbid_curiosity, tso_metal_star
D:2:      yredelemnul_altar_generic, old_standard_altar, grunt_ministairs_14,
          uniq_sigmund, uniq_jessica
D:3:      uniq_terence
D:4:      gammafunk_steamed_eel, kennysheep_mini, elyvilon_altar_1,
          gup_sewer_entry_bowl, first_ration, nicolae_alphabet_shops,
          lemuel_flame_loot_1
D:5:      uniq_eustachio, uniq_blork_the_orc
D:6:      lemuel_crystal_altar, overflow_temple_1_default,
          minmay_temple_entry_glass, uniq_duvessa
D:7:      grunt_ogre_cave, uniq_pikel
Temple:   jpeg_temple_clearing
Sewer:    sewer_big_baddie

Table legend:
 A = Turns spent in this place as a percentage of turns spent in the entire game.
 B = Non-inter-level travel turns spent in this place as a percentage of non-inter-level travel turns spent in the entire game.
 C = Inter-level travel turns spent in this place as a percentage of turns spent in this place.
 D = Turns resting spent in this place as a percentage of non-inter-level travel turns spent in this place.
 E = Turns spent auto-exploring this place as a percentage of non-inter-level travel turns spent in this place.
 F = Non-inter-level travel turns spent in this place divided by the number of levels of this place that you've seen.
                   A       B       C       D       E      F
               +-------+-------+-------+-------+-------+----------------------
         Total | 100.0 | 100.0 |   2.7 |  13.8 |  65.4 | 640.1
       Dungeon |  96.1 |  96.2 |   2.7 |  14.3 |  65.2 | 791.7
        Temple |   2.1 |   1.9 |   8.2 |   0.0 |  98.2 | 112.0
         Sewer |   1.8 |   1.9 |   0.0 |   0.0 |  43.0 | 107.0
               +-------+-------+-------+-------+-------+----------------------

Table legend:
 A = Kills in this place as a percentage of kills in entire the game.
 B = Kills by you in this place as a percentage of kills by you in the entire game.
 C = Kills by friends in this place as a percentage of kills by friends in the entire game.
 D = Other kills in this place as a percentage of other kills in the entire game.
 E = Experience gained in this place as a percentage of experience gained in the entire game.
 F = Experience gained in this place divided by the number of levels of this place that you have seen.
                   A       B       C       D       E      F
               +-------+-------+-------+-------+-------+----------------------
         Total | 100.0 | 100.0 |   N/A |   N/A | 100.0 | 342.9
       Dungeon |  95.5 |  95.5 |   N/A |   N/A |  96.2 | 424.0
         Sewer |   4.5 |   4.5 |   N/A |   N/A |   3.8 | 118.0
               +-------+-------+-------+-------+-------+----------------------
